 Dungeon Crawl Stone Soup version 0.29.0-4-gdea44cf6ec (webtiles) character file.

Game seed: 17012476930419171031

228 qw the Chopper (level 6, -4/35 HPs)
             Began as a Tengu Warper on Aug 28, 2022.
             Slain by a gnoll bouda
             ... wielding a +0 whip
              (6 damage)
             ... on level 4 of the Dungeon.
             The game lasted 00:00:21 (3134 turns).

qw the Chopper (Tengu Warper)                       Turns: 3134, Time: 00:00:21

Health: -4/35      AC: 14    Str: 13    XL:     6   Next: 2%
Magic:  10/10      EV:  1    Int: 13    God:
Gold:   166        SH: 13    Dex: 14    Spells: 9/9 levels left

rFire   . . .      SeeInvis .   Y - +1 hand axe (drain)
rCold   . . .      Faith    .   c - +0 tower shield
rNeg    . . .      Spirit   .   g - +0 plate armour
rPois   .          Reflect  .   (helmet restricted)
rElec   .          Harm     .   (no cloak)
rCorr   .          Rampage  .   h - +2 pair of gloves
Will    .....                   (boots unavailable)
Stlth   ..........              (no amulet)
HPRegen 0.11/turn               (no ring)
MPRegen 0.12/turn               (no ring)

@: weakened, flying quickly and evasively, quick
A: beak, talons 3, nimble flight
a: no special abilities


You were on level 4 of the Dungeon.
You visited 1 branch of the dungeon, and saw 4 of its levels.

You collected 166 gold pieces.


Innate Abilities, Weirdness & Mutations

You have a beak for a mouth.
You have claws for feet.
Your magical nature lets you fly swiftly and evasively.


   Skills:
 - Level 2.0 Fighting
 - Level 4.4 Axes
 - Level 1.0 Throwing
 - Level 2.0 Armour
 - Level 2.1 Dodging
 + Level 3.9 Shields
 - Level 2.0 Spellcasting
 - Level 2.4 Translocations


You had 9 spell levels left.
You didn't know any spells.
Your spell library contained the following spells:

 Spells                   Type           Power      Damage    Failure   Level
 Blink                    Tloc           14%        N/A       100%        2
 Gell's Gravitas          Tloc           7%         N/A       100%        3
 Lesser Beckoning         Tloc           7%         N/A       100%        3
 Teleport Other           Tloc           7%         N/A       100%        3
 Manifold Assault         Tloc           7%         N/A       100%        5

Inventory:

Hand Weapons
 j - a +0 mace
 Y - a +1 hand axe of draining (weapon)
Armour
 c - a +0 tower shield (worn)
 g - a +0 plate armour (worn)
 h - a +2 pair of gloves (worn)
Scrolls
 i - a scroll of identify
Potions
 b - a potion of haste
 d - a potion of cancellation

Dungeon Overview and Level Annotations

Branches:
Dungeon (4/15)
 Temple: D:4-7

Altars:
Fedhas
Hepliaklqana

Annotations:
D:4 Dowan, Duvessa


Message History

You hit Duvessa but do no damage. You drain Duvessa. You barely miss the gnoll.
Duvessa hits you but does no damage. Dowan hits you but does no damage.
The gnoll hits you with a +0 whip.
The gnoll bouda gazes fiercely through you!
You feel as though you will be weak longer.
You block the gnoll bouda's attack. You block Duvessa's attack.
The gnoll hits you but does no damage.
Dowan smirks and points a slender finger.
Dowan hits you but does no damage. You block the gnoll bouda's attack.
You hit Dowan but do no damage.
Dowan is moderately wounded.
You hit the gnoll bouda. You hit Duvessa but do no damage. You drain Duvessa.
You barely miss the gnoll. You block Duvessa's attack.
Duvessa hits you but does no damage. Dowan hits you but does no damage.
A gnoll comes into view. It is wielding a +0 flail.
You block Duvessa's attack.
You closely miss the gnoll bouda. You claw the gnoll bouda.
The gnoll bouda is heavily wounded.
You hit Duvessa but do no damage. You hit Dowan. You hit the gnoll.
You closely miss the gnoll. Duvessa hits you but does no damage.
Dowan hits you but does no damage. You block the gnoll's attack.
The gnoll hits you but does no damage. You block Duvessa's attack.
The gnoll bouda barks out a call to the hunt!
The gnolls pick up the pace!
Dowan hits you but does no damage.
The gnoll hits you but does no damage. x2
The gnoll hits you with a +0 whip!
You barely miss the gnoll bouda.
You claw the gnoll bouda, but do no damage.
You peck the gnoll bouda, but do no damage.
The gnoll bouda is heavily wounded.
You closely miss Dowan. You barely miss the gnoll. You closely miss the gnoll.
You hit Duvessa but do no damage.
Dowan seems less drained.
You block Duvessa's attack. Duvessa hits you with a +0 short sword.
The gnoll hits you but does no damage.
A hobgoblin comes into view.
You block the gnoll's attack.
The gnoll bouda hits you with a +0 whip.
You die...

... ## ##.. .#
. #... .#
..#...###.##
.........# .
#..)....#
..##..ee..###
g..g.gg@....##
.....ggg.....#
.............#
....#...<....#
... #....#...#
.......#.#####
......##.#
...... ...
...... ...


You could see Duvessa (fast, very drained), Dowan, a gnoll bouda (very drained),
5 gnolls and a hobgoblin (wandering).

Vanquished Creatures
  Ijyb (D:3)
  Natasha (D:3)
  3 orc wizards (D:3)
  3 adders
  3 worms
  2 dart slugs (D:3)
  7 orcs
  6 bats
  5 endoplasms
  4 goblins
  6 hobgoblins
  8 kobolds
  3 quokkas
  5 ball pythons
  3 frilled lizards
  3 rats
63 creatures vanquished.

Notes
Turn   | Place    | Note
-------+----------+-------------------------------------------
     0 | D:1      | qw the Tengu Warper began the quest for the Orb.
     0 | D:1      | Reached XP level 1. HP: 12/12 MP: 4/4
     0 | D:1      | 0 ||| qw: Version: 0.1-a-89-g26bdef1
     0 | D:1      | 0 ||| qw: Game counter: 3169
     0 | D:1      | 0 ||| qw: Always use a shield: true
     0 | D:1      | 0 ||| qw: God list: Okawaru
     0 | D:1      | 0 ||| qw: Allow faded altars: false
     0 | D:1      | 0 ||| qw: Do Orc after D:15 true
     0 | D:1      | 0 ||| qw: Do second Lair branch before Depths: true
     0 | D:1      | 0 ||| qw: Lair rune preference: random
     0 | D:1      | 0 ||| qw: Plans: Normal
     0 | D:1      | 0 ||| PLANNING D:1-11
   222 | D:1      | 222 ||| Stepping ~*~*~tactically~*~*~ (stealth).
   230 | D:1      | Reached skill level 3 in Axes
   230 | D:1      | Reached XP level 2. HP: 10/17 MP: 6/6
   421 | D:1      | 421 ||| Stepping ~*~*~tactically~*~*~ (stealth).
   422 | D:1      | 422 ||| DROPPING +0 club.
   429 | D:1      | 429 ||| Stepping ~*~*~tactically~*~*~ (stealth).
   750 | D:1      | 750 ||| UPGRADING to +0 plate armour.
   760 | D:1      | 760 ||| DROPPING +0 leather armour.
   761 | D:1      | 761 ||| UPGRADING to +0 pair of gloves.
   766 | D:1      | 766 ||| READING 3 scrolls labelled PUETEU HUDYUP.
   767 | D:1      | 767 ||| READING scroll labelled ZAPUOJYOCVU.
   768 | D:1      | 768 ||| READING 2 scrolls labelled FAPPIU YTIJEMA.
   769 | D:1      | 769 ||| READING 2 scrolls labelled REORUIZYEZ.
   770 | D:1      | 770 ||| READING scroll labelled MYISU GUTILOQA.
   771 | D:1      | 771 ||| DROPPING 2 scrolls of noise.
   772 | D:1      | 772 ||| DROPPING scroll of blinking.
   773 | D:1      | 773 ||| DROPPING scroll of immolation.
   867 | D:2      | Reached XP level 3. HP: 21/21 MP: 7/7
   885 | D:2      | Reached skill level 4 in Axes
   979 | D:2      | Found a blossoming altar of Fedhas.
  1073 | D:2      | 1073 ||| Stepping ~*~*~tactically~*~*~ (stealth).
  1074 | D:2      | 1074 ||| Stepping ~*~*~tactically~*~*~ (stealth).
  1078 | D:2      | 1078 ||| Stepping ~*~*~tactically~*~*~ (stealth).
  1108 | D:2      | Reached XP level 4. HP: 15/26 MP: 8/8
  1260 | D:2      | Found a faded altar of an unknown god.
  1288 | D:2      | 1288 ||| Stepping ~*~*~tactically~*~*~ (hiding).
  1390 | D:2      | 1390 ||| Stepping ~*~*~tactically~*~*~ (stealth).
  1576 | D:2      | 1576 ||| Stepping ~*~*~tactically~*~*~ (stealth).
  1664 | D:2      | 1664 ||| UPGRADING to +0 tower shield.
  1669 | D:2      | 1669 ||| READING scroll labelled YMOETRADGHA.
  1670 | D:2      | 1670 ||| READING scroll labelled DUL EBOPRUIBB.
  1673 | D:2      | 1673 ||| READING 2 scrolls labelled KOUZELY JISEPS.
  1674 | D:2      | 1674 ||| READING scroll of enchant armour.
  1674 | D:2      | 1674 ||| ENCHANTING +0 pair of gloves.
  1675 | D:2      | 1675 ||| READING scroll labelled TAUB BOGHE.
  1676 | D:2      | 1676 ||| READING scroll labelled SOED VOENNOT.
  1677 | D:2      | 1677 ||| READING scroll labelled YBOZUC RIECO.
  1678 | D:2      | 1678 ||| READING 2 scrolls of identify.
  1678 | D:2      | 1678 ||| IDENTIFYING viscous amethyst potion
  1679 | D:2      | 1679 ||| DROPPING potion of attraction.
  1688 | D:3      | Found a hazy altar of Hepliaklqana.
  1790 | D:3      | Reached skill level 1 in Shields
  2042 | D:3      | 2042 ||| Stepping ~*~*~tactically~*~*~ (stealth).
  2043 | D:3      | 2043 ||| Stepping ~*~*~tactically~*~*~ (stealth).
  2047 | D:3      | Gained mutation: Your magical nature lets you fly swiftly
                  | and evasively. [Tengu growth]
  2047 | D:3      | Reached XP level 5. HP: 29/30 MP: 9/9
  2068 | D:3      | 2068 ||| Stepping ~*~*~tactically~*~*~ (hiding).
  2168 | D:3      | 2168 ||| Stepping ~*~*~tactically~*~*~ (hiding).
  2193 | D:3      | Noticed Ijyb
  2201 | D:3      | Killed Ijyb
  2330 | D:3      | Noticed Natasha
  2335 | D:3      | Killed Natasha
  2336 | D:3      | Reached skill level 3 in Shields
  2441 | D:3      | 2441 ||| READING scroll of enchant armour.
  2441 | D:3      | 2441 ||| ENCHANTING +1 pair of gloves.
  2493 | D:3      | 2493 ||| Stepping ~*~*~tactically~*~*~ (hiding).
  2526 | D:3      | Reached XP level 6. HP: 22/35 MP: 10/10
  2529 | D:3      | 2529 ||| FLEEEEING.
  2545 | D:3      | 2545 ||| FLEEEEING.
  2546 | D:3      | 2546 ||| FLEEEEING.
  2547 | D:3      | 2547 ||| FLEEEEING.
  2548 | D:3      | 2548 ||| FLEEEEING.
  2549 | D:3      | 2549 ||| FLEEEEING.
  2550 | D:3      | 2550 ||| FLEEEEING.
  2551 | D:3      | 2551 ||| FLEEEEING.
  2554 | D:3      | 2554 ||| FLEEEEING.
  2555 | D:3      | 2555 ||| FLEEEEING.
  2559 | D:3      | 2559 ||| FLEEEEING.
  2569 | D:3      | 2569 ||| FLEEEEING.
  2570 | D:3      | 2570 ||| FLEEEEING.
  2571 | D:3      | 2571 ||| FLEEEEING.
  2572 | D:3      | 2572 ||| FLEEEEING.
  2573 | D:3      | 2573 ||| FLEEEEING.
  2574 | D:3      | 2574 ||| FLEEEEING.
  2588 | D:3      | 2588 ||| FLEEEEING.
  2589 | D:3      | 2589 ||| FLEEEEING.
  2590 | D:3      | 2590 ||| STAIRDANCE
  2680 | D:2      | 2680 ||| READING 4 scrolls of identify.
  2680 | D:2      | 2680 ||| IDENTIFYING murky dark potion
  2681 | D:2      | 2681 ||| READING 3 scrolls of identify.
  2681 | D:2      | 2681 ||| IDENTIFYING brown potion
  2682 | D:2      | 2682 ||| READING 2 scrolls of identify.
  2682 | D:2      | 2682 ||| IDENTIFYING dark potion
  2683 | D:2      | 2683 ||| DROPPING potion of lignification.
  2684 | D:2      | 2684 ||| DROPPING potion of ambrosia.
  3121 | D:4      | Noticed Duvessa
  3121 | D:4      | Noticed Dowan
  3122 | D:4      | 3122 ||| PLANNING OSSUARY
  3133 | D:4      | HP: 3/35 [gnoll/+0 whip[a gnoll bouda] (7)]
  3134 | D:4      | Slain by a gnoll bouda

Levels and vault maps discovered:
D:1:      dpeg_arrival_tiny_a, layout_basic, st_stairs_9, minmay_tromino_v2
D:2:      layout_loops_cross, basic_altar, nicolae_ecumenical_oubliette
D:3:      layout_basic, mainiacjoe_overflow_alcove_4, uniq_natasha, uniq_ijyb
D:4:      layout_cave_pools, enter_ossuary_2, uniq_duvessa, uniq_menkaure

Skill      XL: |  1  2  3  4  5 |
---------------+----------------+-----
Axes           | 3 4 |  4.4
Armour         | 2 |  2.0
Shields        | 2 3 |  3.9
Fighting       | |  2.0
Throwing       | |  1.0
Dodging        | |  2.1
Spellcasting   | |  2.0
Translocations | |  2.4

Action                   |  1- 3 |  4- 6 || total
-------------------------+-------+-------++-------
Melee: Hand axe          |    81 |    73 ||   154
       Kick              |    19 |    16 ||    35
       Peck              |    11 |    10 ||    21
       Punch             |     1 |       ||     1
Throw: Boomerang         |     7 |       ||     7
  Use: Scroll            |     5 |    12 ||    17
Armor: Leather armour    |    16 |       ||    16
       Plate armour      |    29 |    53 ||    82
Dodge: Dodged            |    25 |       ||    25
Block: Tower shield      |       |    44 ||    44

Table legend:
 A = Non-vault XP
 B = Vault XP
 C = Vault XP percentage of total XP
 D = Non-vault monster count
 E = Vault monster count
 F = Vault count percentage of total count
                 A         B        C        D         E       F
            +---------+---------+-------+---------+---------+-------
      Total |     250 |      77 |  23.5 |      57 |       6 |   9.5
            +---------+---------+-------+---------+---------+-------
        D:1 |      25 |       6 |  19.4 |      16 |       4 |  20.0
        D:2 |      67 |       0 |   0.0 |      20 |       0 |   0.0
        D:3 |     158 |      71 |  31.0 |      21 |       2 |   8.7
            +---------+---------+-------+---------+---------+-------
